 Dungeon Crawl Stone Soup version 0.28.0-53-g5a82cb258f (webtiles) character file.

Game seed: 4609819921659303060

170 Peloso the Covered (level 5, -2/46 HPs)
             Began as a Minotaur Fighter on June 13, 2022.
             Killed by nerve-wracking pain
             ... invoked by an orc priest
              (5 damage)
             ... on level 4 of the Dungeon.
             The game lasted 00:04:01 (2889 turns).

Peloso the Covered (Minotaur Fighter)               Turns: 2889, Time: 00:04:01

Health: -2/46      AC: 12    Str: 23    XL:     5   Next: 25%
Magic:  4/4        EV:  6    Int:  5    God:
Gold:   111        SH:  5    Dex: 12    Spells: 4/4 levels left

rFire   . . .      SeeInvis .   a - +0 long sword
rCold   + . .      Faith    .   c - +0 buckler
rNeg    . . .      Spirit   .   j - +0 plate armour
rPois   .          Reflect  .   (helmet restricted)
rElec   .          Harm     .   (no cloak)
rCorr   .          Rampage  .   (no gloves)
Will    .....                   (no boots)
Stlth   ..........              (no amulet)
HPRegen 0.15/turn               f - ring of Guhea {Wiz rC+ Str+3}
MPRegen 0.09/turn               (no ring)

@: no status effects
A: horns 2, retaliatory headbutt
a: no special abilities


You were on level 4 of the Dungeon.
You visited 1 branch of the dungeon, and saw 4 of its levels.

You collected 111 gold pieces.

Inventory:

Hand Weapons
 a - a +0 long sword (weapon)
Armour
 b - a +0 scale mail
 c - a +0 buckler (worn)
 j - a +0 plate armour (worn)
Jewellery
 f - the ring of Guhea (left hand) {Wiz rC+ Str+3}
   (You found it on level 4 of the Dungeon)

   [ring of wizardry]

   It improves your spell success rate.
   Str:       It affects your strength (+3).
   rC:        It protects you from cold.
 g - a ring of fire
 k - an amulet of guardian spirit
Scrolls
 i - 2 scrolls of teleportation
 l - a scroll of amnesia
 n - 2 scrolls of identify
Potions
 d - a potion of might
 e - 2 potions of flight
 h - a potion of mutation
 m - 2 potions of haste
 o - 2 potions of resistance


   Skills:
 + Level 4.2 Fighting
 + Level 4.6 Long Blades
 + Level 4.9 Armour
 + Level 4.4 Shields


You had 4 spell levels left.
You didn't know any spells.
Your spell library was empty.

Dungeon Overview and Level Annotations

Branches:
Dungeon (4/15)
 Temple: D:4-7

Altars:


Innate Abilities, Weirdness & Mutations

You have a pair of horns on your head.
You reflexively headbutt those who attack you in melee.


Message History

Found a fuming dark potion.
An orc is nearby!
An orc is nearby!
An orc priest comes into view. It is wielding a +0 short sword.
The orc priest shouts!
You hear a shout! x2
An orc comes into view. It is wielding a +0 short sword.
An orc comes into view. It is wielding a +0 whip.
The orc shouts!
An orc priest comes into view. It is wielding a +0 hand axe.
Found 13 gold pieces.
The orc priest shouts!
The orc priest calls down the wrath of Beogh upon you.
Beogh smites you! The orc hits you but does no damage.
An adder comes into view.
The adder hisses angrily.
You hit the orc but do no damage. You headbutt the orc!
The orc is almost dead.
The orc hits you with a +0 short sword.
The orc priest looks braver for a moment.
You hit the orc.
You kill the orc!
The orc priest invokes the aid of Beogh against you.
Pain shoots through your body!
You slash the orc priest! Your headbutt misses the orc priest.
The orc priest is almost dead.
The orc hits you but does no damage. You block the orc priest's attack.
The orc hits you with a +0 whip. The orc hits you with a +0 short sword.
You hit the orc priest.
You kill the orc priest!
The orc priest invokes the aid of Beogh against you.
Beogh smites you!
* * * LOW HITPOINT WARNING * * *
The orc barely misses you. You block the orc's attack.
Unknown command.
Okay, then.
You block the adder's attack.
The orc priest mumbles some strange prayers to Beogh against you.
Pain shoots through your body!
You die...

#.####.####### #.#
#.#######
##.####.......#
#.......<####+#
#..####.........
#..# #.........
#..#####........
#....# #......<.
####..#@###...##...
.......S.oo)..# #..
. #....####......#
.... #....
#..o...###....
#....
#.............
#.### ####...)##...
#. #.........#
#....##.... #.#..#
.$.


You could see an orc priest, an adder and 2 orcs.

Vanquished Creatures
  An orc priest (D:4)
  An orc wizard (D:3)
  4 adders
  3 dart slugs
  4 orcs
  9 ball pythons
  6 bats
  3 endoplasms
  4 giant cockroaches
  8 goblins
  7 hobgoblins
  5 jackals
  2 frilled lizards
  3 kobolds
  5 rats
65 creatures vanquished.

Notes
Turn   | Place    | Note
-------+----------+-------------------------------------------
     0 | D:1      | Peloso the Minotaur Fighter began the quest for the Orb.
     0 | D:1      | Reached XP level 1. HP: 19/19 MP: 0/0
   234 | D:1      | Found a faded altar of an unknown god.
   244 | D:1      | Reached XP level 2. HP: 27/27 MP: 1/1
  1229 | D:2      | Reached XP level 3. HP: 32/33 MP: 2/2
  1967 | D:2      | Reached XP level 4. HP: 36/40 MP: 3/3
  2716 | D:3      | Reached XP level 5. HP: 46/46 MP: 4/4
  2851 | D:4      | Identified the ring of Guhea {Wiz rC+ Str+3}
  2886 | D:4      | HP: 2/46 [orc priest/divine providence (14)]
  2889 | D:4      | Killed from afar by an orc priest

Illustrated notes

Levels and vault maps discovered:
D:1:      lightli_arrival_farm, layout_loops_corners,
          shapermc_ecumenical_altar_venn
D:2:      layout_basic
D:3:      minmay_spotlight, layout_basic, kennysheep_generic_room_4
D:4:      layout_basic, minivault_24, uniq_crazy_yiuf_cottage

Skill      XL: |  1  2  3  4 |
---------------+-------------+-----
Shields        | 4 |  4.4
Fighting       | 4 |  4.2
Armour         | 4 |  4.9
Long Blades    | 3 4 |  4.6

Action                   |  1- 3 |  4- 6 || total
-------------------------+-------+-------++-------
Melee: Long sword        |    85 |    56 ||   141
       Headbutt          |     9 |     9 ||    18
  Use: Scroll            |       |     6 ||     6
       Potion            |       |     2 ||     2
Armor: Scale mail        |     8 |       ||     8
       Plate armour      |    56 |    41 ||    97
Dodge: Dodged            |    30 |    16 ||    46
Block: Buckler           |    17 |    15 ||    32
